 Dungeon Crawl Stone Soup version 0.29.0-5-ge4962eb29e (webtiles) character file.

Game seed: 1456318755024157569

13 themarg the Sneak (level 2, 0/23 HPs)
             Began as a Gnoll Wanderer on Aug 30, 2022.
             Slain by a goblin
             ... wielding a +0 club
              (3 damage)
             ... on level 1 of the Dungeon.
             The game lasted 00:02:05 (522 turns).

themarg the Sneak (Gnoll Wanderer)                   Turns: 522, Time: 00:02:06

Health: 0/23       AC:  3    Str:  8    XL:     2   Next: 37%
Magic:  7/7        EV: 12    Int: 10    God:
Gold:   4          SH:  0    Dex: 15    Spells: 9/10 levels left

rFire   . . .      SeeInvis .   a - +0 dagger
rCold   . . .      Faith    .   (no shield)
rNeg    . . .      Spirit   .   j - +0 leather armour
rPois   .          Reflect  .   (no helmet)
rElec   .          Harm     .   (no cloak)
rCorr   .          Rampage  .   (no gloves)
Will    .....                   (no boots)
Stlth   +++.......              (no amulet)
HPRegen 0.07/turn               (no ring)
MPRegen 0.10/turn               (no ring)

@: mighty
A: fangs 1, strong nose, distributed training
a: no special abilities


You were on level 1 of the Dungeon.
You visited 1 branch of the dungeon, and saw 1 of its levels.

You collected 4 gold pieces.

Inventory:

Hand Weapons
 a - a +0 dagger (weapon)
Missiles
 b - an atropa-tipped dart (quivered)
 c - a datura-tipped dart
Armour
 d - a +0 scale mail
 j - a +0 leather armour (worn)
Scrolls
 e - a scroll of vulnerability
 g - a scroll of identify {unknown}
 i - a scroll of summoning {unknown}
Potions
 f - a potion of might
 h - a potion of curing {unknown}


   Skills:
 + Level 2.5 Fighting
 + Level 0.4 Short Blades
 + Level 0.4 Long Blades
 + Level 0.4 Axes
 + Level 0.4 Maces & Flails
 + Level 0.4 Polearms
 + Level 0.4 Staves
 + Level 0.4 Ranged Weapons
 + Level 0.4 Throwing
 + Level 4.5 Armour
 + Level 2.5 Dodging
 + Level 5.9 Stealth
 + Level 0.4 Shields
 + Level 0.4 Unarmed Combat
 + Level 4.9 Spellcasting
 + Level 0.2 Conjurations
 + Level 0.2 Hexes
 + Level 0.2 Summonings
 + Level 0.2 Necromancy
 + Level 0.2 Translocations
 + Level 0.2 Transmutations
 + Level 0.2 Fire Magic
 + Level 0.2 Ice Magic
 + Level 0.2 Air Magic
 + Level 0.2 Earth Magic
 + Level 0.2 Poison Magic
 + Level 2.5 Invocations
 + Level 0.4 Evocations


You had 9 spell levels left.
You knew the following spells:

 Your Spells              Type           Power      Damage    Failure   Level
a - Foxfire               Conj/Fire      12%        2x1d4     28%         1

Your spell library contained the following spells:

 Spells                   Type           Power      Damage    Failure   Level
 Ignite Poison            Fire/Tmut/Pois 3%         N/A       63%         3
 Iskenderun's Mystic Bla  Conj/Tloc      3%         2d3       95%         4
 Leda's Liquefaction      Hex/Erth       1%         N/A       95%         4
 Chain Lightning          Conj/Air       1%         3d2       100%        9


Dungeon Overview and Level Annotations

Branches:
Dungeon (1/15)

Altars:


Innate Abilities, Weirdness & Mutations

You have very sharp teeth.
Your uncanny sense of smell can sniff out nearby items.
Your experience applies equally to all skills.


Message History

The jackal barely misses you.
You hit the jackal but do no damage.
The jackal is moderately wounded.
A goblin comes into view. It is wielding a +0 club.
The gnoll closely misses you. The jackal closely misses you.
The goblin shouts!
You hit the jackal but do no damage.
The jackal is moderately wounded.
The jackal bites you but does no damage.
The gnoll hits you from afar with a +0 spear!
The jackal barely misses you. The jackal attacks as you move away!
The jackal closely misses you. The jackal barely misses you.
The jackal bites you but does no damage.
The jackal attacks as you move away! The jackal bites you.
* * * LOW HITPOINT WARNING * * *
The jackal closely misses you. The jackal attacks as you move away!
The jackal bites you.
* * * LOW HITPOINT WARNING * * *
You closely miss the rat. Your bite misses the rat. The jackal misses you.
The rat closely misses you. The jackal barely misses you.
The jackal attacks as you move away! The jackal barely misses you.
The rat barely misses you. The jackal barely misses you.
You hit the jackal.
You kill the jackal!
The frilled lizard attacks as you move away!
The frilled lizard barely misses you. The rat attacks as you move away!
The rat completely misses you. The goblin attacks as you move away!
The goblin hits you but does no damage.
It was a potion of might.
You feel very mighty all of a sudden. The goblin hits you but does no damage.
You closely miss the goblin. The goblin hits you with a +0 club.
* * * LOW HITPOINT WARNING * * *
The goblin attacks as you move away! The goblin barely misses you.
The rat bites you.
* * * LOW HITPOINT WARNING * * *
The goblin attacks as you move away! The goblin hits you with a +0 club.
You die...

##.......g.....8..#
#.......†...#.⌠..###############
#.###...###.#..8.##.....##.....##
................................#
..#########.###lg................
.g...K.g........g................
##########..####rK...............
#.## #g................ ..#
#@................ ∆ .###
#................. #
#.#...............
#.##.#####.#####..
#.##.#...#)#...#..
#.##.#.>.'.#.<.#..
#.#..#...#.#...#..
#....#####.##'##.#
##.#.............#


You could see a gnoll, 2 goblins, a kobold, a frilled lizard and a rat.

Vanquished Creatures
  4 bats (D:1)
  2 giant cockroaches (D:1)
  A goblin (D:1)
  A hobgoblin (D:1)
  2 jackals (D:1)
  A rat (D:1)
11 creatures vanquished.

Vanquished Creatures (others)
  A plant (D:1)
1 creature vanquished.

Grand Total: 12 creatures vanquished

Notes
Turn   | Place    | Note
-------+----------+-------------------------------------------
     0 | D:1      | themarg the Gnoll Wanderer began the quest for the Orb.
     0 | D:1      | themarg set off with the following items: a +0 dagger, an
                  | atropa-tipped dart, a datura-tipped dart, a +0 scale mail,
                  | a scroll of vulnerability; and the following spell
                  | memorised: Foxfire; and the following spells available to
                  | memorise: Ignite Poison.
     0 | D:1      | Reached XP level 1. HP: 17/17 MP: 6/6
    22 | D:1      | Got the Precepts of Energetic Grit
   211 | D:1      | Reached XP level 2. HP: 18/23 MP: 7/7
   522 | D:1      | Slain by a goblin

Illustrated notes

Levels and vault maps discovered:
D:1:      minmay_arrival_four_houses, layout_rooms, hangedman_feature_mirror,
          minmay_statues_item, serial_bayou_pond_e, chequers_garden

Action                   || total
-------------------------++-------
Melee: Dagger            ||    67
       Bite              ||     3
  Use: Potion            ||     1
Armor: Scale mail        ||    22
       Leather armour    ||    12
Dodge: Dodged            ||    57
